 Dungeon Crawl Stone Soup version 0.23.0-41-g86b089e62c (webtiles) character file.

Game seed: 5127077008487672955

122 Kisielow the Cudgeler (level 4, 0/40 HPs)
             Began as a Minotaur Fighter on Feb 28, 2019.
             Killed from afar by an orc wizard (12 damage)
             ... with a puff of flame
             ... on level 3 of the Dungeon.
             The game lasted 00:03:17 (1691 turns).

Kisielow the Cudgeler (Minotaur Fighter)            Turns: 1691, Time: 00:03:18

Health: 0/40       AC:  8    Str: 22    XL:     4   Next: 78%
Magic:  3/3        EV:  7    Int:  5    God:
Gold:   139        SH:  9    Dex:  9    Spells: 3/3 levels left

rFire    . . .     SeeInvis .   a - +0 flail
rCold    . . .     Gourm    .   c - +0 shield
rNeg     . . .     Faith    .   b - +0 scale mail
rPois    .         Spirit   .   (helmet restricted)
rElec    .         Reflect  .   i - scarf {cloud immunity}
rCorr    .         Harm     .   (no gloves)
MR       +....                  m - +0 pair of boots
Stlth    ..........             (no amulet)
HPRegen  0.13/turn              (no ring)
MPRegen  0.08/turn              p - ring of protection from magic

@: no status effects
A: retaliatory headbutt, horns 2
a: no special abilities


You were on level 3 of the Dungeon.
You were not hungry.

You visited 1 branch of the dungeon, and saw 3 of its levels.

You collected 139 gold pieces.

Inventory:

Hand Weapons
 a - a +0 flail (weapon)
Armour
 b - a +0 scale mail (worn)
 c - a +0 shield (worn)
 i - a scarf of cloud immunity (worn)
 m - a +0 pair of boots (worn)
Jewellery
 h - an uncursed ring of magical power
 p - a ring of protection from magic (right hand)
 s - an uncursed ring of fire
 w - an uncursed ring of wizardry {unknown}
Scrolls
 e - a scroll of fog {unknown}
 j - 2 scrolls of teleportation {unknown}
 k - 2 scrolls of immolation {unknown}
 l - 3 scrolls of remove curse {unknown}
 o - 2 scrolls of identify {unknown}
 q - 2 scrolls of amnesia {unknown}
 u - a scroll of magic mapping {unknown}
Potions
 d - a potion of might
 n - a potion of heal wounds {unknown}
 r - a potion of curing
 t - a potion of ambrosia {unknown}
 v - 2 potions of magic {unknown}
Comestibles
 f - 9 rations
 g - 3 chunks of flesh


   Skills:
 + Level 3.9 Fighting
 * Level 5.5 Maces & Flails
 + Level 3.9 Armour
 + Level 3.9 Shields


You had 3 spell levels left.
You didn't know any spells.
Your spell library was empty.

Dungeon Overview and Level Annotations

Branches:
Dungeon (3/15)

Altars:


Innate Abilities, Weirdness & Mutations

You reflexively headbutt those who attack you in melee.
You have a pair of horns on your head.


Message History

You barely miss the orc. You headbutt the orc.
The orc is heavily wounded.
The orc barely misses you. Something hits you but does no damage.
You closely miss the orc.
The orc is heavily wounded.
Something hits you but does no damage. You block the orc's attack.
You hear some strange, mumbled words.
A puff of frost appears from out of thin air!
The puff of frost hits you.
* * * LOW HITPOINT WARNING * * *
The orc hits you but does no damage. You block the orc's attack.
It was a potion of curing.
You feel better.
Something hits you but does no damage. x2
The orc hits you from afar with a +0 trident.
* * * LOW HITPOINT WARNING * * *
The orc closely misses you.
You hear some strange, mumbled words.
A puff of flame appears from out of thin air!
The puff of flame hits you!
You die...

........P8.. ...
......P..... ...
...>..P..... ##..
#.########.#...... ....
...........##..... #...
#.#######......... #...
#.....#.#.........
#....#.###.............
#....#@###...#.....#..#
##....o.{.....#..##.#...
......#.###...#.........
.#.#..#o###.............
......†.......#.#...#..#
......))###..<#.###.#..#
......... ....... ..
.###..........#. .
##....###.##+#


You could see 2 orcs.

Vanquished Creatures
  An orc wizard (D:3)
  4 adders
  2 worms
  2 dart slugs
  4 leopard geckos
  An orc (D:3)
  9 bats
  A giant cockroach (D:2)
  5 goblins
  4 hobgoblins
  2 jackals (D:2)
  7 frilled lizards
  3 kobolds (D:1)
  2 rats (D:1)
47 creatures vanquished.

Notes
Turn   | Place    | Note
-------+----------+-------------------------------------------
     0 | D:1      | Kisielow the Minotaur Fighter began the quest for the Orb.
     0 | D:1      | Reached XP level 1. HP: 19/19 MP: 0/0
    42 | D:1      | Reached skill level 3 in Maces & Flails
    45 | D:1      | Reached XP level 2. HP: 25/26 MP: 1/1
   248 | D:1      | Reached skill level 4 in Maces & Flails
   563 | D:2      | Reached XP level 3. HP: 31/31 MP: 2/2
   926 | D:2      | Reached skill level 5 in Maces & Flails
  1238 | D:2      | Reached XP level 4. HP: 34/40 MP: 3/3
  1455 | D:2      | Found a faded altar of an unknown god.
  1691 | D:3      | Killed from afar by an orc wizard

Skill      XL: |  1  2  3 |
---------------+----------+-----
Maces & Flails | 3 4 5 |  5.5
Fighting       | |  3.9
Armour         | |  3.9
Shields        | |  3.9

Action                   |  1- 3 |  4- 6 || total
-------------------------+-------+-------++-------
Melee: Flail             |   102 |    28 ||   130
       Headbutt          |    11 |     4 ||    15
  Use: Potion            |       |     1 ||     1
  Eat: Chunk             |     1 |     2 ||     3
Armor: Scale mail        |    62 |    15 ||    77
Dodge: Dodged            |    40 |     5 ||    45
Block: Shield            |    50 |    16 ||    66
